 Dungeon Crawl Stone Soup version 0.18.1-6-gd335043 (webtiles) character file.

1877 Jerry the Protected (level 8, -6/62 HPs)
             Began as a Demigod Fighter on May 17, 2016.
             Mangled by a killer bee (7 damage)
             ... on level 6 of the Dungeon.
             The game lasted 00:40:14 (7420 turns).

Jerry the Protected (Demigod Fighter)               Turns: 7420, Time: 00:40:15

Health: -6/62      AC: 13    Str: 26    XL:     8   Next: 60%
Magic:  10/10      EV: 11    Int: 14    God:
Gold:   289        SH: 11    Dex: 15    Spells: 0 memorised, 7 levels left

rFire  . . .     SeeInvis .     G - +1 whip (flame)
rCold  + . .     Gourm    .     n - +2 scale mail {rC+}
rNeg   . . .     Faith    .     c - +0 shield
rPois  .         Spirit   .     l - +0 helmet (curse)
rElec  .         Dismiss  .     y - +0 cloak
rCorr  .         Reflect  .     (no gloves)
SustAt +         Harm     .     (no boots)
MR     .....                    (no amulet)
Stlth  +.........               I - ring of Quotuem {EV+3 Int+2 Stlth+}
                                h - +3 ring of strength

@: lethally poisoned (-6 -> -7), not resistant to hostile enchantments, very
unstealthy
A: high mp 1, sustain attributes
a: no special abilities


You were on level 6 of the Dungeon.
You were not hungry.

You visited 1 branch of the dungeon, and saw 7 of its levels.
You also visited: Bailey.

You collected 289 gold pieces.

Inventory:

Hand Weapons
 a - a +0 flail
 x - a +3 quarterstaff of chaos
 G - a +1 whip of flaming (weapon)
Missiles
 m - 239 stones (quivered)
Armour
 c - a +0 shield (worn)
 l - a cursed +0 helmet (worn)
 n - a +2 scale mail of cold resistance (worn)
 y - a +0 cloak (worn)
 F - a +1 hat
Jewellery
 h - a +3 ring of strength (left hand)
 E - an uncursed ring of flight
 I - the ring of Quotuem (right hand) {EV+3 Int+2 Stlth+}
   (You took it off a centaur on level 6 of the Dungeon)

   [ring of evasion]

   It affects your evasion (+3).
   It affects your intelligence (+2).
   It makes you more stealthy.
Wands
 k - a wand of random effects (20/48)
 p - a wand of confusion (28/48)
 s - a wand of confusion (16/48)
 M - a wand of lightning (10/15)
Scrolls
 b - 5 scrolls of identify {unknown}
 i - 4 scrolls of teleportation {unknown}
 C - a scroll of fog {unknown}
 J - a scroll of immolation {unknown}
 K - 2 scrolls of recharging {unknown}
Potions
 e - 3 potions of curing
 g - 3 potions of degeneration {unknown}
 o - a potion of lignification {unknown}
 q - a potion of invisibility {unknown}
 t - 3 potions of heal wounds {unknown}
 u - a potion of ambrosia {unknown}
 w - 2 potions of mutation {unknown}
 z - a potion of flight {unknown}
 B - a potion of brilliance {unknown}
 D - a potion of agility {unknown}
Books
 v - a book of Air

   Spells                             Type                      Level
   a - Shock                          Conjuration/Air              1
   b - Swiftness                      Charms/Air                   2
   c - Repel Missiles                 Charms/Air                   2
   d - Static Discharge               Conjuration/Air              3
   e - Lightning Bolt                 Conjuration/Air              5
 H - a book of Maledictions

   Spells                             Type                      Level
   a - Corona                         Hexes                        1
   b - Ensorcelled Hibernation        Hexes/Ice                    2
   c - Confuse                        Hexes                        3
   d - Tukima's Dance                 Hexes                        3
   e - Dazzling Spray                 Conjuration/Hexes            3
Comestibles
 f - 7 bread rations
 j - 6 meat rations
 r - 3 slices of pizza
 A - a beef jerky
 L - 4 fruits
 N - 3 chunks of flesh


   Skills:
 - Level 2.6 Fighting
 + Level 5.0 Maces & Flails
 + Level 8.7 Armour
 + Level 5.3 Shields


You had 7 spell levels left.
You didn't know any spells.

Dungeon Overview and Level Annotations

Branches:
Dungeon (7/15)             Temple (0/1) D:5

Shops:
D:6 (

Annotations:
D:6 Jerry's ghost, novice DgFi
D:7 2d6's ghost, novice HOEE


Innate Abilities, Weirdness & Mutations

You have an increased reservoir of magic (+10% MP).
Your attributes are resistant to harm.


Message History

The killer bee closely misses you. You block the orc's attack.
Drink which item? (? for menu, Esc to quit)
Okay, then.
You feel sick. The killer bee closely misses you. The killer bee stings you.
* * * LOW HITPOINT WARNING * * *
You feel sick. The killer bee barely misses you.
You block the killer bee's attack. The killer bee completely misses you.
The killer bee closely misses you. You block the killer bee's attack.
The killer bee stings you.
* * * LOW HITPOINT WARNING * * *
You feel sick. The killer bee closely misses you.
You block the killer bee's attack. The killer bee closely misses you.
The killer bee stings you.
* * * LOW HITPOINT WARNING * * *
The killer bee stings you but does no damage.
* * * LOW HITPOINT WARNING * * *
You feel sick.
The killer bee stings you but does no damage.
The killer bee stings you!
You die...

.#.............# #..........
.#......###############..........
.#......# #..................
.#......# #..................
.#......# #..................
.#......# #..................
.#......#######..................
.'.............o.....<...........
.#.............y@................
.#.............y.................
.#...............(...............
##................(..............
#........>........(.............
#...............................
#..................(............
#...............................
#.....[.........................


You could see 2 killer bees and an orc.

Vanquished Creatures
  2 orc warriors
  An ogre (D:7)
  A phantom (D:4)
  A centaur (D:6)
  A gnoll sergeant (D:5)
  2 giant frogs
  A scorpion (D:4)
  The ghost of 2d6 the Shield-Bearer, a weakling TrFi (D:3)
  A giant frog zombie (D:6)
  A gnoll shaman (D:5)
  Crazy Yiuf (D:3)
  A centaur skeleton (D:4)
  2 orc priests (D:6)
  2 giant frog skeletons (D:6)
  4 hounds
  A jelly (D:5)
  Jessica (D:3)
  2 worker ants
  A worker ant zombie (D:6)
  Robin (D:3)
  A howler monkey skeleton (D:6)
  36 gnolls
  10 adders
  A shadow imp (D:6)
  2 oozes
  A worm (D:2)
  2 dart slugs
  4 giant geckos
  13 orcs
  6 giant cockroaches
  24 goblins
  11 hobgoblins
  29 jackals
  A quokka (D:4)
  A ball python (D:6)
  8 bats
  A giant gecko skeleton (D:4)
  5 giant newts
  10 kobolds
  A quokka skeleton (D:5)
  39 rats
234 creatures vanquished.

Vanquished Creatures (others)
  2 gnolls (D:5)
2 creatures vanquished.

Grand Total: 236 creatures vanquished

Notes
Turn   | Place    | Note
--------------------------------------------------------------
     0 | D:1      | Jerry the Demigod Fighter began the quest for the Orb.
     0 | D:1      | Reached XP level 1. HP: 18/18 MP: 3/3
   161 | D:1      | Reached XP level 2. HP: 17/25 MP: 4/4
   605 | D:1      | Reached skill level 3 in Armour
   873 | D:1      | Reached XP level 3. HP: 28/30 MP: 5/5
  1116 | D:2      | Found a deep blue altar of Sif Muna.
  1161 | D:2      | Found a shimmering altar of Xom.
  1381 | D:2      | Found an iron altar of Okawaru.
  1399 | D:2      | Reached XP level 4. HP: 37/37 MP: 6/6
  1640 | D:3      | Noticed 2d6's ghost (weakling TrFi)
  2004 | D:3      | Noticed Robin
  2033 | D:3      | Killed Robin
  2364 | D:3      | Reached XP level 5. HP: 42/42 MP: 7/7
  2378 | D:3      | Killed 2d6's ghost
  2378 | D:3      | Reached skill level 4 in Armour
  2758 | D:3      | Found a snail-covered altar of Cheibriados.
  2858 | D:3      | Noticed Jessica
  2868 | D:3      | Killed Jessica
  2923 | D:3      | Found a faded altar to an unknown god.
  2971 | D:3      | Noticed Crazy Yiuf
  2981 | D:3      | Killed Crazy Yiuf
  3125 | D:3      | Reached XP level 6. HP: 50/50 MP: 8/8
  3399 | D:4      | Reached skill level 5 in Armour
  3953 | D:4      | Found a shadowy altar of Dithmenos.
  4058 | D:5      | Entered Level 5 of the Dungeon
  4139 | D:5      | Reached skill level 6 in Armour
  4224 | D:5      | Found a staircase to the Ecumenical Temple.
  4233 | D:5      | Reached XP level 7. HP: 56/56 MP: 9/9
  4356 | D:5      | Found an opulent altar of Gozag.
  4411 | D:5      | Found a radiant altar of Vehumet.
  4434 | D:5      | Found a shadowy altar of Dithmenos.
  4494 | D:5      | Found a bloodstained altar of Trog.
  4969 | D:5      | Reached skill level 7 in Armour
  5442 | D:5      | Reached skill level 8 in Armour
  5624 | D:6      | Reached XP level 8. HP: 35/62 MP: 10/10
  5828 | D:6      | Found a blossoming altar of Fedhas.
  5840 | D:6      | Found a basalt altar of Yredelemnul.
  5871 | D:6      | Found Ejoapn's Antique Weapon Shop.
  6132 | D:6      | Got a warped jade ring
  6134 | D:6      | Identified the ring of Quotuem {EV+3 Int+2 Stlth+} (You took it off a centaur on level 6 of the Dungeon)
  6352 | D:7      | Found a flagged portal.
  6401 | Bailey   | Entered a bailey
  6766 | D:7      | Noticed 2d6's ghost (novice HOEE)
  6800 | D:6      | Reached skill level 5 in Shields
  7170 | D:6      | Noticed Jerry's ghost (novice DgFi)
  7296 | D:7      | Reached skill level 5 in Maces & Flails
  7419 | D:6      | HP: 2/62 [killer bee (3)]
  7420 | D:6      | Mangled by a killer bee

Skill      XL: |  1  2  3  4  5  6  7  8 |
---------------+-------------------------+-----
Maces & Flails | 2 3 5 |  5.0
Shields        | 3 4 5 |  5.3
Armour         | 3 4 6 8 |  8.7
Fighting       | |  2.6

Action                   |  1- 3 |  4- 6 |  7- 9 || total
-------------------------+-------+-------+-------++-------
Melee: Flail             |   164 |   130 |       ||   294
       Quarterstaff      |       |   121 |   134 ||   255
       Whip              |       |       |   226 ||   226
Throw: Stone             |     1 |     3 |       ||     4
Evoke: Wand              |       |     1 |     2 ||     3
  Use: Potion            |       |       |     3 ||     3
 Stab: Confused          |       |     1 |       ||     1
  Eat: Chunk             |     2 |     9 |    11 ||    22
Armor: Scale mail        |    68 |   138 |   166 ||   372
Dodge: Dodged            |    52 |    80 |   178 ||   310
Block: Shield            |    89 |    88 |   192 ||   369
